 Dungeon Crawl Stone Soup version 0.28-a0-726-g4a9143789a (webtiles) character file.

Game seed: 13668760332664352851

67 lawman0 the Grasshopper (level 4, -4/34 HPs)
             Began as a Barachi Warper on Oct 27, 2021.
             Slain by Jessica (8 damage)
             ... on level 3 of the Dungeon.
             The game lasted 00:02:14 (2320 turns).

lawman0 the Grasshopper (Barachi Warper)            Turns: 2320, Time: 00:02:15

Health: -4/34      AC:  3    Str: 12    XL:     4   Next: 18%
Magic:  7/7        EV: 12    Int: 14    God:
Gold:   116        SH:  0    Dex: 12    Spells: 7/7 levels left

rFire   . . .      SeeInvis +   a - +0 falchion
rCold   . . .      Faith    .   (no shield)
rNeg    + . .      Spirit   .   g - +0 leather armour
rPois   .          Reflect  .   (no helmet)
rElec   .          Harm     .   (no cloak)
rCorr   .          Rampage  .   (no gloves)
Will    .....                   (no boots)
Stlth   +.........              (no amulet)
HPRegen 0.11/turn               f - ring of see invisible
MPRegen 0.10/turn               k - ring of positive energy

@: slow
A: amphibious, slowness 1, strong legs 1, +LOS
a: Hop


You were on level 3 of the Dungeon.
You visited 1 branch of the dungeon, and saw 3 of its levels.

You collected 116 gold pieces.

Inventory:

Hand Weapons
 a - a +0 falchion (weapon)
 b - a +0 hunting sling
Missiles
 d - 5 boomerangs of dispersal
 h - 6 sling bullets
 j - 5 atropa-tipped darts (quivered)
Armour
 g - a +0 leather armour (worn)
Jewellery
 f - a ring of see invisible (left hand)
 k - a ring of positive energy (right hand)
 l - a +4 ring of protection
Scrolls
 c - a scroll of blinking
 m - a scroll of immolation
Potions
 i - a potion of lignification


   Skills:
 + Level 2.6 Fighting
 * Level 3.7 Long Blades
 + Level 1.0 Throwing
 + Level 1.8 Armour
 + Level 2.5 Dodging
 + Level 0.1 Stealth
 + Level 2.2 Spellcasting
 * Level 4.1 Translocations


You had 7 spell levels left.
You didn't know any spells.
Your spell library contained the following spells:

 Spells                   Type           Power      Damage    Failure   Level
 Blink                    Tloc           26%        N/A       9%          2
 Gell's Gravitas          Tloc           6%         N/A       16%         3
 Lesser Beckoning         Tloc           13%        N/A       16%         3
 Teleport Other           Tloc           13%        N/A       16%         3
 Manifold Assault         Tloc           13%        N/A       83%         5


Dungeon Overview and Level Annotations

Branches:
Dungeon (3/15)

Altars:
Ru

Annotations:
D:3 Jessica, Sigmund


Innate Abilities, Weirdness & Mutations

You are amphibious.
You cover ground slowly.
You can hop short distances.
You have an extended range of vision and can be seen from far away.


Message History

You shoot a sling bullet.
The sling bullet hits Jessica but does no damage.
You shoot a sling bullet. The sling bullet barely misses Jessica.
Jessica closely misses you.
Jessica hits you with a +5 dagger of protection.
You shoot a sling bullet. The sling bullet hits Jessica.
Jessica is moderately wounded.
Jessica barely misses you.
a - a +0 falchion (weapon)
You closely miss Jessica.
Jessica is moderately wounded.
Jessica hits you but does no damage.
You hit Jessica.
Jessica is severely wounded.
Jessica hits you with a +5 dagger of protection!
You closely miss Jessica.
Jessica is severely wounded.
Jessica points at you and mumbles some strange words.
You barely resist. Jessica closely misses you.
You hit Jessica.
Jessica is almost dead.
Jessica mumbles some strange words.
Jessica blinks!
Jessica hits you with a +5 dagger of protection.
You barely miss Jessica.
Jessica is severely wounded.
Jessica hits you with a +5 dagger of protection.
You are too injured to fight recklessly!
You are too injured to fight recklessly!
You are too injured to fight recklessly!
You are too injured to fight recklessly!
You are too injured to fight recklessly!
You barely miss Jessica.
Jessica is severely wounded.
Jessica hits you with a +5 dagger of protection!
* * * LOW HITPOINT WARNING * * *
You barely miss Jessica.
Jessica is severely wounded.
Jessica hits you with a +5 dagger of protection!
You die...

#... .# #... #
# # ... #. .
... #.. ###.
... (... # #..
## ....(#. #.#
..
.......##.##.#
..........@..#
(......(<@.#
..........##
.....####.#
.... #.. #.
#### #


You could see Jessica.

Vanquished Creatures
  2 worms (D:2)
  4 dart slugs
  5 bats
  4 endoplasms
  6 giant cockroaches
  4 goblins
  7 hobgoblins
  3 kobolds
  2 quokkas (D:2)
  3 ball pythons
  3 frilled lizards
  4 rats (D:1)
47 creatures vanquished.

Notes
Turn   | Place    | Note
-------+----------+-------------------------------------------
     0 | D:1      | lawman0 the Barachi Warper began the quest for the Orb.
     0 | D:1      | Reached XP level 1. HP: 17/17 MP: 3/3
   128 | D:1      | Reached XP level 2. HP: 21/23 MP: 5/5
   803 | D:1      | Reached XP level 3. HP: 27/28 MP: 6/6
  1514 | D:2      | Reached skill level 4 in Translocations
  1652 | D:2      | Found a sacrificial altar of Ru.
  1791 | D:2      | Reached XP level 4. HP: 32/34 MP: 7/7
  1902 | D:2      | Found a faded altar of an unknown god.
  2265 | D:3      | Noticed Sigmund
  2304 | D:3      | Noticed Jessica
  2320 | D:3      | Slain by Jessica

Illustrated notes

Levels and vault maps discovered:
D:1:      matt_arrival_spirals, layout_loops_ring
D:2:      layout_rooms, basic_altar, dreamdust_ecumenical_altar_statues,
          minmay_misc_feat_tower
D:3:      layout_rooms, mainiacjoe_overflow_alcove_1,
          mainiacjoe_overflow_alcove_4, uniq_jessica, uniq_sigmund

Skill      XL: |  1  2  3 |
---------------+----------+-----
Long Blades    | 3 |  3.7
Translocations | 4 |  4.1
Fighting       | |  2.6
Throwing       | |  1.0
Armour         | |  1.8
Dodging        | |  2.5
Stealth        | |  0.1
Spellcasting   | |  2.2

Action                   |  1- 3 |  4- 6 || total
-------------------------+-------+-------++-------
Melee: Falchion          |    99 |    28 ||   127
 Fire: Hunting sling     |    24 |    14 ||    38
  Use: Scroll            |       |     2 ||     2
Armor: Leather armour    |    32 |    10 ||    42
Dodge: Dodged            |    68 |    29 ||    97

Table legend: (Time is in decaauts)
 A = Elapsed time spent in this place.
 B = Non-inter-level travel time spent in this place.
 C = Inter-level travel time spent in this place.
 D = Time resting spent in this place.
 E = Time spent auto-exploring this place.
 F = Levels seen in this place.
 G = Mean time per level.
                   A        B        C        D        E       F      G
               +--------+--------+--------+--------+--------+-----+--------+
         Total |   2584 |   2456 |    128 |     30 |   2036 |   3 |  861.3 |
       Dungeon |   2584 |   2456 |    128 |     30 |   2036 |   3 |  861.3 |
               +--------+--------+--------+--------+--------+-----+--------+

Top non-repeatable levels by time:
     D:1: 1562 daAuts
     D:2: 1002 daAuts
     D:3: 19 daAuts
